 Dungeon Crawl Stone Soup version 0.27-a0-909-g0721f309d1 (webtiles) character file.

Game seed: 7864491986193473221

120 jestyr24 the Covered (level 5, 0/40 HPs)
             Began as a Djinni Fighter on Apr 8, 2021.
             Slain by a kobold
             ... wielding a +1 whip of chaos
              (1 damage)
             ... on level 3 of the Dungeon.
             The game lasted 00:08:28 (3213 turns).

jestyr24 the Covered (Djinni Fighter)               Turns: 3213, Time: 00:08:29

Health: 0/40       AC:  7    Str: 15    XL:     5   Next: 4%
Gold:   53         EV:  7    Int: 11    God:
                   SH:  0    Dex: 12

rFire    + + +     SeeInvis .   a - +0 rapier
rCold    x . .     Faith    .   c - +0 kite shield
rNeg     . . .     Spirit   .   b - +0 scale mail
rPois    ∞         Reflect  .   (no helmet)
rElec    .         Harm     .   (no cloak)
rCorr    .         Rampage  .   (no gloves)
Will     .....                  (boots unavailable)
Stlth    ..........             (no amulet)
HPRegen  0.13/turn              l - ring of protection from fire
MPRegen  0.00/turn              (no ring)

@: confused, flying, invisible
A: fire resistance 2, cold vulnerability 1, float, innate caster, hp casting,
extra vitality 1
a: no special abilities


You were on level 3 of the Dungeon.
You visited 1 branch of the dungeon, and saw 3 of its levels.

You collected 53 gold pieces.

Inventory:

Hand Weapons
 a - a +0 rapier (weapon)
 e - a +0 short sword
Armour
 b - a +0 scale mail (worn)
 c - a +0 kite shield (worn)
Jewellery
 l - a ring of protection from fire (left hand)
Wands
 n - a wand of random effects (19)
 p - a wand of acid (7)
Scrolls
 k - 2 scrolls of identify
 m - 2 scrolls of teleportation
Potions
 d - a potion of might
 g - 2 potions of invisibility
 h - a potion of curing {unknown}
 o - a potion of resistance {unknown}
 q - a potion of heal wounds {unknown}
 s - a potion of degeneration {unknown}


   Skills:
 - Level 3.5 Fighting
 - Level 1.7 Short Blades
 - Level 3.8 Armour
 - Level 1.7 Dodging
 - Level 3.6 Shields
 + Level 1.3 Spellcasting


You had 3 spell levels left.
You knew the following spells:

 Your Spells              Type           Power      Damage    Failure   Level
a - Sting                 Tmut/Pois      12%        1d3       96%         1
b - Wereblood             Tmut           3%         N/A       99%         2
Your spell library was empty.

Dungeon Overview and Level Annotations

Branches:
Dungeon (3/15)

Altars:
Elyvilon
Xom

Shops:
D:3 ?


Innate Abilities, Weirdness & Mutations

You are immune to poison.
Your flesh is very heat resistant. (rF++)
You are vulnerable to cold. (rC-)
You float through the air rather than walking.
You learn spells naturally, not from books.
Your magical power is your life essence.
You have superior vitality. (+4 HP)


Message History

The kobold shouts!
There is an open door here.
You reach down and open the door.
There is an open door here.
There is an open door here.
There is an open door here.
The kobold shouts!
You hear a shout!
Could not explore, unopened runed door.
You reach down and open the large door.
There is a large open translucent door here.
The kobold shouts! x2
The kobold hits you with a +1 whip of chaos.
You hit the kobold.
The kobold is severely wounded.
The kobold hits you with a +1 whip of chaos.
You are electrocuted!!
Ouch! That really hurt!
You block the kobold's attack.
You barely miss the kobold.
The kobold is severely wounded.
The kobold closely misses you.
You closely miss the kobold.
The kobold is moderately wounded.
The kobold hits you with a +1 whip of chaos.
* * * LOW HITPOINT WARNING * * *
You are confused.
The kobold hits you but does no damage. The kobold closely misses you.
The kobold hits you with a +1 whip of chaos.
* * * LOW HITPOINT WARNING * * *
The kobold freezes you.
* * * LOW HITPOINT WARNING * * *
The kobold barely misses you.
There is a large open translucent door here.
The kobold hits you with a +0 dagger.
* * * LOW HITPOINT WARNING * * *
There is a large open translucent door here.
You fade into invisibility!
The kobold hits you but does no damage. x2
The kobold hits you with a +1 whip of chaos.
You die...

.....<.# ###.##########..#
######.# #.....# ##...# #.#
###.##### #..... ####.####
#...# #### ##...# #P.≈.≈P.#
#.### ..##§####.##
#P#≈.≈#.#####.# §§# §§§#...##
#.P≈.≈.P......###§K.§§§§§#...##
#PP≈.≈...####.KK§§§..#§§§#.#+##
#.#≈.≈#..# #.@KK§.§.##§###...#
# #..≈.≈.P.#
#.###§§§§#####.....
###..≈.≈...## #)# §§## ##......
.##.#≈.≈#P..###.###
.####.......
.'...≈.≈...#......# #..'.......
.#...≈.≈...#.#.##.# ####.......
#####≈.≈#..#.#.##.# ##...... #
##≈.≈##..##.##.# ##.....
##≈≈.≈≈#####.##.# ##...#


You could see 4 kobolds.

Vanquished Creatures
  An orc priest (D:3)
  3 adders
  A worm (D:2)
  2 dart slugs
  4 orcs (D:3)
  6 bats
  3 endoplasms
  4 goblins
  4 hobgoblins
  7 jackals
  5 kobolds
  A quokka (D:3)
  5 ball pythons
  3 rats
49 creatures vanquished.

Vanquished Creatures (others)
  A plant (D:3)
1 creature vanquished.

Grand Total: 50 creatures vanquished

Notes
Turn   | Place    | Note
-------+----------+-------------------------------------------
     0 | D:1      | jestyr24 the Djinni Fighter began the quest for the Orb.
     0 | D:1      | Reached XP level 1. HP: 20/20 MP: 0/0
   107 | D:1      | Reached XP level 2. HP: 24/25 MP: 0/0
   316 | D:1      | Found a faded altar of an unknown god.
   719 | D:1      | Reached XP level 3. HP: 30/30 MP: 0/0
   719 | D:1      | Learned a level 1 spell: Sting
   736 | D:1      | Reached skill level 1 in Dodging
  2019 | D:3      | Reached skill level 1 in Spellcasting
  2045 | D:3      | Reached XP level 4. HP: 25/35 MP: 0/0
  2402 | D:3      | Found a large runed translucent door.
  2402 | D:3      | Found a large runed translucent door.
  2404 | D:3      | Found a shimmering altar of Xom.
  2421 | D:3      | Found a white marble altar of Elyvilon.
  2481 | D:3      | Found Kutuet's Magic Scroll Boutique.
  2588 | D:3      | Reached XP level 5. HP: 11/40 MP: 0/0
  2588 | D:3      | Learned a level 2 spell: Wereblood
  3212 | D:3      | HP: 1/40 [kobold/+0 dagger (2)]
  3213 | D:3      | Slain by a kobold

Illustrated notes

Levels and vault maps discovered:
D:1:      dpeg_arrival_three_same_balls, layout_rooms, basic_ecumenical_altar
D:2:      layout_basic, minmay_misc_feat_square
D:3:      due_chaos_kobolds, layout_loops_corners, nicolae_elyvilon_temple_path,
          serial_shops, shop

Skill      XL: |  1  2  3 |
---------------+----------+-----
Dodging        | 1 |  1.7
Spellcasting   | 1 |  1.3
Fighting       | |  3.5
Short Blades   | |  1.7
Armour         | |  3.8
Shields        | |  3.6

Action                   |  1- 3 |  4- 6 || total
-------------------------+-------+-------++-------
Melee: Rapier            |   121 |    51 ||   172
  Use: Scroll            |       |     5 ||     5
       Potion            |       |     1 ||     1
Armor: Scale mail        |    58 |    27 ||    85
Dodge: Dodged            |    43 |    15 ||    58
Block: Kite shield       |    48 |    19 ||    67

Table legend: (Time is in decaauts)
 A = Elapsed time spent in this place.
 B = Non-inter-level travel time spent in this place.
 C = Inter-level travel time spent in this place.
 D = Time resting spent in this place.
 E = Time spent auto-exploring this place.
 F = Levels seen in this place.
 G = Mean time per level.
                   A        B        C        D        E       F      G
               +--------+--------+--------+--------+--------+-----+--------+
         Total |   3271 |   3246 |     25 |    653 |   2023 |   3 | 1090.3 |
       Dungeon |   3271 |   3246 |     25 |    653 |   2023 |   3 | 1090.3 |
               +--------+--------+--------+--------+--------+-----+--------+

Top non-repeatable levels by time:
     D:3: 1373 daAuts
     D:2: 970 daAuts
     D:1: 926 daAuts
